NWL (28 & UNDER)
BISMARK BORDER GUARDS @ MENLO MANIACS
08/07/2024
 
TOP OF THE 1ST
Bismark Border Guards batting - Pitching for Menlo Maniacs : LHP Steven England
Pitching: LHP Steven England
Batting: RHB Aaron Holt 0-0: Called Strike
0-1: Fly out, F8 (Flyball, 8LM)
Batting: LHB Jim Jensen 0-0: Ball
1-0: Called Strike
1-1: Foul Ball, location: 2F
1-2: Ball
2-2: Ball
3-2: Strikes out looking
Batting: RHB José Gómez 0-0: Called Strike
0-1: Ball
1-1: Ball
2-1: Ball
3-1: Foul Ball, location: 2F
3-2: Strikes out swinging
Top of the 1st over - 0 run(s), 0 hit(s), 0 error(s), 0 left on base; Bismark 0 - Menlo 0
BOTTOM OF THE 1ST
Menlo Maniacs batting - Pitching for Bismark Border Guards : LHP Jim Evens
Pitching: LHP Jim Evens
Batting: RHB Jesús Cuevas 0-0: Ball
1-0: Fly out, F8 (Flyball, 8LM)
Batting: RHB Steve Sampson 0-0: Ball
1-0: Swinging Strike
1-1: Foul Ball, location: 2F
1-2: Ground out 4-3 (Groundball, 4M)
Batting: LHB Roger Moore 0-0: Ball
1-0: Foul Ball, location: 2F
1-1: Foul Ball, location: 2F
1-2: SINGLE (Line Drive, 4MD)
Batting: RHB Tom Meyer 0-0: Called Strike
0-1: Ball
1-1: Foul Ball, location: 2F
1-2: Ball
2-2: Foul Ball, location: 2F
2-2: Ball
3-2: Fly out, F3 (Popup, 3SF)
Bottom of the 1st over - 0 run(s), 1 hit(s), 0 error(s), 1 left on base; Bismark 0 - Menlo 0
TOP OF THE 2ND
Bismark Border Guards batting - Pitching for Menlo Maniacs : LHP Steven England
Batting: SHB Glenn Vadnais 0-0: Foul Ball, location: 2F
0-1: Called Strike
0-2: Strikes out looking
Batting: RHB Mike Wright 0-0: Ball
1-0: SINGLE (Line Drive, 89S)
Batting: RHB Alejandro Ramos 0-0: Ball
1-0: Ball
2-0: Called Strike
2-1: Swinging Strike
2-2: Strikes out swinging
Batting: RHB Salvador Borbón 0-0: Swinging Strike
0-1: Ball
1-1: Ground out U3 (Groundball, 3S)
Top of the 2nd over - 0 run(s), 1 hit(s), 0 error(s), 1 left on base; Bismark 0 - Menlo 0
BOTTOM OF THE 2ND
Menlo Maniacs batting - Pitching for Bismark Border Guards : LHP Jim Evens
Batting: LHB Paul Alexander 0-0: Ball
1-0: Fly out, F7 (Flyball, 7M)
Batting: RHB Philip Burke 0-0: Fly out, F8 (Flyball, 8LXD)
Batting: LHB Marcos Pérez 0-0: Swinging Strike
0-1: Ball
1-1: Foul Ball, location: 2F
1-2: Ball
2-2: Foul Ball, location: 2F
2-2: Strikes out swinging
Bottom of the 2nd over - 0 run(s), 0 hit(s), 0 error(s), 0 left on base; Bismark 0 - Menlo 0
TOP OF THE 3RD
Bismark Border Guards batting - Pitching for Menlo Maniacs : LHP Steven England
Batting: RHB Chris Parker 0-0: Ball
1-0: Swinging Strike
1-1: Ball
2-1: Foul Ball, location: 2F
2-2: Ball
3-2: SINGLE (Line Drive, 8LS)
Batting: RHB Tomás Carranza 0-0: Ball
1-0: Ball
2-0: Called Strike
2-1: Foul Ball, location: 2F
2-2: Foul Ball, location: 2F
2-2: Strikes out swinging
Batting: RHB Aaron Holt 0-0: Grounds into double play, 6-4-3 (Groundball, 6)
Top of the 3rd over - 0 run(s), 1 hit(s), 0 error(s), 0 left on base; Bismark 0 - Menlo 0
BOTTOM OF THE 3RD
Menlo Maniacs batting - Pitching for Bismark Border Guards : LHP Jim Evens
Batting: RHB Dani Torres 0-0: Ball
1-0: Fly out, F7 (Flyball, 7S)
Batting: RHB Vicente Martínez 0-0: Ball
1-0: Ball
2-0: Called Strike
2-1: Foul Ball, location: 2F
2-2: Strikes out looking
Batting: RHB Jesús Cuevas 0-0: Called Strike
0-1: Ball
1-1: Ground out 5-3 (Groundball, 56)
Bottom of the 3rd over - 0 run(s), 0 hit(s), 0 error(s), 0 left on base; Bismark 0 - Menlo 0
TOP OF THE 4TH
Bismark Border Guards batting - Pitching for Menlo Maniacs : LHP Steven England
Batting: LHB Jim Jensen 0-0: Called Strike
0-1: SOLO HOME RUN (Flyball, 9LD), Distance : 356 ft
Batting: RHB José Gómez 0-0: Ball
1-0: Ball
2-0: Ball
3-0: Swinging Strike
3-1: Called Strike
3-2: Strikes out swinging
Batting: SHB Glenn Vadnais 0-0: Ball
1-0: Fly out, F2 (Popup, 25F)
Batting: RHB Mike Wright 0-0: Called Strike
0-1: Called Strike
0-2: Foul Ball, location: 2F
0-2: Foul Ball, location: 2F
0-2: Ball
1-2: SINGLE (Groundball, 4M)
Batting: RHB Alejandro Ramos 0-0: Swinging Strike
0-1: Ball
1-1: Foul Ball, location: 2F
1-2: Ball
2-2: Ground out 4-3 (Groundball, 4)
Top of the 4th over - 1 run(s), 2 hit(s), 0 error(s), 1 left on base; Bismark 1 - Menlo 0
BOTTOM OF THE 4TH
Menlo Maniacs batting - Pitching for Bismark Border Guards : LHP Jim Evens
Batting: RHB Steve Sampson 0-0: Ball
1-0: Foul Ball, location: 2F
1-1: Ball
2-1: Swinging Strike
2-2: Ball
3-2: Base on Balls
Batting: LHB Roger Moore 0-0: Swinging Strike
0-1: Foul Ball, location: 2F
0-2: Ball
1-2: Fly out, F8 (Flyball, 8RXD)
Batting: RHB Tom Meyer 0-0: Fly out, F8 (Flyball, 8LM)
Batting: LHB Paul Alexander 0-0: Ball
1-0: Fly out, F4 (Popup, 4D)
Bottom of the 4th over - 0 run(s), 0 hit(s), 0 error(s), 1 left on base; Bismark 1 - Menlo 0
TOP OF THE 5TH
Bismark Border Guards batting - Pitching for Menlo Maniacs : LHP Steven England
Batting: RHB Salvador Borbón 0-0: Called Strike
0-1: Ground out 4-3 (Groundball, 4M)
Batting: RHB Chris Parker 0-0: Called Strike
0-1: Foul Ball, location: 2F
0-2: Strikes out swinging
Batting: RHB Tomás Carranza 0-0: Fly out, F7 (Flyball, 78M)
Top of the 5th over - 0 run(s), 0 hit(s), 0 error(s), 0 left on base; Bismark 1 - Menlo 0
BOTTOM OF THE 5TH
Menlo Maniacs batting - Pitching for Bismark Border Guards : LHP Jim Evens
Batting: RHB Philip Burke 0-0: Ball
1-0: Ground out 5-3 (Groundball, 5)
Batting: LHB Marcos Pérez 0-0: Called Strike
0-1: Foul Ball, location: 2F
0-2: Fly out, F7 (Flyball, 7D)
Batting: RHB Dani Torres 0-0: Called Strike
0-1: Foul Ball, location: 2F
0-2: Ground out 4-3 (Groundball, 4M)
Bottom of the 5th over - 0 run(s), 0 hit(s), 0 error(s), 0 left on base; Bismark 1 - Menlo 0
TOP OF THE 6TH
Bismark Border Guards batting - Pitching for Menlo Maniacs : LHP Steven England
Batting: RHB Aaron Holt 0-0: Called Strike
0-1: Ball
1-1: Called Strike
1-2: Ball
2-2: Strikes out swinging
Batting: LHB Jim Jensen 0-0: SINGLE (Line Drive, 7S)
Batting: RHB José Gómez 0-0: Called Strike
0-1: Swinging Strike
0-2: Ball
1-2: SINGLE (Groundball, 56D)
Jim Jensen to second
Batting: SHB Glenn Vadnais 0-0: Ball
1-0: Called Strike
1-1: Fly out, F7 (Flyball, 78D)
Batting: RHB Mike Wright 0-0: Ball
1-0: Fly out, F5 (Popup, 5F)
Top of the 6th over - 0 run(s), 2 hit(s), 0 error(s), 2 left on base; Bismark 1 - Menlo 0
BOTTOM OF THE 6TH
Menlo Maniacs batting - Pitching for Bismark Border Guards : LHP Jim Evens
Batting: RHB Vicente Martínez 0-0: Called Strike
0-1: Ball
1-1: SINGLE (Line Drive, 6)
Batting: RHB Jesús Cuevas 0-0: Called Strike
0-1: Ball
1-1: Fly out, F9 (Popup, 4D)
Batting: RHB Steve Sampson 0-0: Ball
1-0: Ball
2-0: Fly out, F8 (Flyball, 8LM)
Batting: LHB Roger Moore 0-0: DOUBLE (Flyball, 8LXD)
Vicente Martínez to third
Runner from 3rd tries for Home, SAFE, throw made at trailing runner, SAFE at third!
Batting: RHB Tom Meyer 0-0: Ball
1-0: Swinging Strike
1-1: Foul Ball, location: 2F
1-2: Ball
2-2: SINGLE (Line Drive, 9LS)
Roger Moore scores
Batting: LHB Paul Alexander 0-0: Ball
1-0: Ball
2-0: Called Strike
2-1: 2-RUN HOME RUN (Flyball, 89XD), Distance : 408 ft
Batting: RHB Philip Burke 0-0: Foul Ball, location: 2F
0-1: Swinging Strike
0-2: Strikes out swinging
Bottom of the 6th over - 4 run(s), 4 hit(s), 0 error(s), 0 left on base; Bismark 1 - Menlo 4
TOP OF THE 7TH
Bismark Border Guards batting - Pitching for Menlo Maniacs : LHP Steven England
Batting: RHB Alejandro Ramos 0-0: Ball
1-0: Swinging Strike
1-1: Ball
2-1: Ball
3-1: Foul Ball, location: 2F
3-2: Foul Ball, location: 2F
3-2: Base on Balls
Pitching: RHP Steve Poe
Batting: RHB Salvador Borbón 0-0: Called Strike
0-1: Ball
1-1: Swinging Strike
1-2: Foul Ball, location: 2F
1-2: Ball
2-2: Ball
Wild Pitch!
Alejandro Ramos to second
3-2: SINGLE (Line Drive, 8RS)
Alejandro Ramos to third
Batting: RHB Chris Parker 0-0: Called Strike
0-1: Ball
1-1: Foul Ball, location: 2F
1-2: Ball
2-2: Strikes out swinging
Batting: RHB Tomás Carranza 0-0: Called Strike
0-1: Ball
1-1: Ball
2-1: Ball
3-1: Base on Balls
Salvador Borbón to second
Pinch Hitting: LHB Rusty Herbert 0-0: Ball
1-0: Foul Ball, location: 2F
1-1: Foul Ball, location: 2F
1-2: Strikes out swinging
Batting: LHB Jim Jensen 0-0: Ball
1-0: Called Strike
1-1: Ball
2-1: Ball
3-1: Foul Ball, location: 2F
3-2: Base on Balls
Alejandro Ramos scores
Salvador Borbón to third
Tomás Carranza to second
Batting: RHB José Gómez 0-0: Called Strike
0-1: Ball
1-1: Ball
2-1: Called Strike
2-2: Fly out, F9 (Flyball, 9D)
Top of the 7th over - 1 run(s), 1 hit(s), 0 error(s), 3 left on base; Bismark 2 - Menlo 4
BOTTOM OF THE 7TH
Menlo Maniacs batting - Pitching for Bismark Border Guards : LHP Jim Evens
Now at 2B: Rusty Herbert
Batting: LHB Marcos Pérez 0-0: Ball
1-0: Ball
2-0: Ball
3-0: Called Strike
3-1: Ground out 4-3 (Groundball, 4)
Batting: RHB Dani Torres 0-0: Ball
1-0: Ball
2-0: Called Strike
2-1: Called Strike
2-2: Ball
3-2: Strikes out swinging
Batting: RHB Vicente Martínez 0-0: Called Strike
0-1: Ball
1-1: Ball
2-1: Foul Ball, location: 2F
2-2: Foul Ball, location: 2F
2-2: Ball
3-2: Strikes out swinging
Bottom of the 7th over - 0 run(s), 0 hit(s), 0 error(s), 0 left on base; Bismark 2 - Menlo 4
TOP OF THE 8TH
Bismark Border Guards batting - Pitching for Menlo Maniacs : RHP Steve Poe
Now at C: António Trinidad
Batting: SHB Glenn Vadnais 0-0: Called Strike
0-1: Ball
1-1: Fly out, F4 (Line Drive, 4)
Batting: RHB Mike Wright 0-0: Ball
1-0: Foul Ball, location: 2F
1-1: Ball
2-1: Ball
3-1: Base on Balls
Pinch Runner at 1st Juan Viera:
Batting: RHB Alejandro Ramos 0-0: Ball
1-0: Grounds into double play, 5-4-3 (Groundball, 5)
Top of the 8th over - 0 run(s), 0 hit(s), 0 error(s), 0 left on base; Bismark 2 - Menlo 4
BOTTOM OF THE 8TH
Menlo Maniacs batting - Pitching for Bismark Border Guards : LHP Jim Evens
Pitching: RHP Júlio Quintana
Now in CF: Juan Viera
Batting: RHB Jesús Cuevas 0-0: SINGLE (Line Drive, 89S)
Batting: RHB Steve Sampson 0-0: Bunted foul
0-1: Sac Bunt - play at first, batter OUT! 4-3
Jesús Cuevas to second
Batting: LHB Roger Moore 0-0: Ball
1-0: Ball
2-0: Called Strike
2-1: Fly out, F9 (Line Drive, 9M)
Batting: RHB Tom Meyer 0-0: Ball
1-0: Ball
2-0: Foul Ball, location: 2F
2-1: Ball
3-1: Foul Ball, location: 2F
3-2: DOUBLE (Line Drive, 78XD)
Jesús Cuevas scores
Batting: LHB Paul Alexander 0-0: Called Strike
0-1: Ball
1-1: Foul Ball, location: 2F
1-2: Foul Ball, location: 2F
1-2: Ball
2-2: Strikes out swinging
Bottom of the 8th over - 1 run(s), 2 hit(s), 0 error(s), 1 left on base; Bismark 2 - Menlo 5
TOP OF THE 9TH
Bismark Border Guards batting - Pitching for Menlo Maniacs : RHP Steve Poe
Pitching: RHP Steve Standard
Batting: RHB Salvador Borbón 0-0: Called Strike
0-1: Foul Ball, location: 2F
0-2: Ball
1-2: Foul Ball, location: 2F
1-2: SINGLE (Line Drive, 8LS)
Batting: RHB Chris Parker 0-0: Ball
1-0: Swinging Strike
1-1: Ball
2-1: Ball
3-1: Fielders Choice at 2nd, 4-6 (Groundball, 4)
Batting: RHB Tomás Carranza 0-0: Fly out, F7 (Flyball, 7LD)
Batting: LHB Rusty Herbert 0-0: Ball
1-0: Called Strike
1-1: Called Strike
1-2: Foul Ball, location: 2F
1-2: Ball
2-2: Ground out U3 (Groundball, 3)
Top of the 9th over - 0 run(s), 1 hit(s), 0 error(s), 1 left on base; Bismark 2 - Menlo 5
This league is powered by Out of the Park Baseball, the baseball management simulation game for PC, Mac and Linux
Saturday, April 9th, 2016 - OOTP Baseball 16.8 Build 38